Map: Orbital Shipyard

Players

Skipi

  • Race: Protoss Protoss
  • League: Gold

capac - Winner!

  • Race: Terran Terran
  • League: Gold

VOD

Have the link to the VOD?

Description

Time

  • Played on: March 6, 2016, 11:13 a.m.
  • Length: 11:38
Show
View Real Time Build Order
Export as new Build Order

Skipi Protoss 

Build Orders: 1 Gate Expand 

Get SALT Encoding   

  12  0:01  Probe (Chrono Boost)  
  13  0:11  Probe (Chrono Boost)  
  14  0:17  Pylon  
  14  0:24  Probe (Chrono Boost)  
  16  0:36  Probe (Chrono Boost)  
  16  0:38  Gateway  
  16  0:45  Assimilator  
  16  0:47  Probe (Chrono Boost)  
  17  0:58  Probe (Chrono Boost)  
  18  1:12  Probe (Chrono Boost)  
  19  1:28  Nexus  
  19  1:36  Probe (Chrono Boost)  
  19  1:47  Cybernetics Core  
  19  1:48  Probe (Chrono Boost)  
  19  1:51  Pylon  
  20  1:57  Assimilator  
  20  1:59  Probe (Chrono Boost)  
  21  2:20  Probe (Chrono Boost)  
  22  2:28  Warp Gate (Chrono Boost)  
  22  2:31  Probe  
  23  2:41  Gateway  
  23  2:43  Probe  
  24  2:47  Twilight Council, Adept  
  24  2:48  Probe  
  27  2:59  Probe  
  27  3:01  Probe  
  29  3:11  Probe  
  29  3:12  Probe  
  31  3:20  Robotics Facility  
  31  3:25  Probe  
  31  3:26  Pylon  
  32  3:33  Adept  
  34  3:36  Resonating Glaives (Chrono Boost)  
  34  3:40  Mothership Core  
  37  3:48  Probe, Pylon  
  37  3:58  Adept  
  37  4:00  Probe, Adept  
  42  4:03  Probe  
  42  4:09  Pylon  
  43  4:14  Observer  
  44  4:18  Probe  
  45  4:35  Warp Prism  
  47  4:43  Probe  
  47  4:44  Probe  
  49  4:47  Gateway  
  49  4:48  Gateway  
  49  4:54  Probe  
  49  4:56  Probe  
  51  5:04  Assimilator, Pylon  
  51  5:05  Probe  
  52  5:08  Probe  
  52  5:09  Assimilator  
  52  5:11  Observer, Adept x2  
  58  5:20  Probe  
  58  5:22  Probe  
  60  5:31  Probe  
  60  5:34  Probe, Robotics Bay  
  62  5:42  Probe  
  62  5:46  Probe, Nexus  
  62  5:48  Pylon  
  64  5:51  Pylon  
  64  5:52  Probe  
  65  6:04  Probe  
  65  6:06  Probe  
  67  6:28  Gateway  
  67  6:30  Gateway  
  67  6:31  Pylon  
  65  6:43  Probe  
  65  6:45  Probe  
  65  6:51  Disruptor  
  64  6:54  Probe  
  64  6:59  Probe  
  64  7:00  Probe  
  67  7:05  Probe  
  68  7:12  Probe  
  69  7:21  Gateway  
  69  7:24  Gateway  
  69  7:26  Gateway x2  
  69  7:27  Disruptor  
  69  7:28  Gateway, Forge  
  69  7:29  Forge  
  72  7:31  Gateway  
  72  7:34  Adept x5  
  72  7:35  Adept  
  84  7:43  Pylon  
  84  7:44  Pylon  
  67  8:02  Adept x6  
  43  8:22  Adept  
  43  8:23  Adept x5  
  44  8:34  Mothership Core  
  44  8:48  Zealot x4  
  50  8:55  Pylon  
  50  8:56  Pylon  
  50  8:57  Pylon  
  50  8:59  Adept  
  50  9:01  Adept x5  
  58  9:20  Adept  
  58  9:21  Adept x5  
  68  9:36  Disruptor  
  67  9:42  Adept x4  
  75  10:04  Nexus  
  75  10:12  Disruptor (Chrono Boost)  
  78  10:26  Pylon  
  78  10:29  Pylon  
  78  10:30  Stalker x2  
  78  10:32  Adept  
  84  10:43  Probe  
  84  10:44  Probe  
  86  10:54  Probe  
  86  10:56  Probe  
  88  11:09  Adept x3  
Show
View Real Time Build Order
Export as new Build Order

capac Terran - Winner!

Build Orders: MMM Bio 

Get SALT Encoding   

  12  0:01  SCV  
  13  0:13  SCV  
  14  0:18  Supply Depot  
  14  0:25  SCV  
  15  0:40  SCV  
  15  0:41  Barracks  
  16  0:45  Refinery  
  16  0:52  SCV  
  17  1:04  SCV  
  18  1:16  SCV  
  19  1:28  SCV  
  19  1:30  Barracks Reactor  
  20  1:41  Command Center  
  20  1:51  Orbital Command  
  20  2:04  Barracks  
  20  2:19  Factory  
  20  2:26  SCV  
  21  2:31  Refinery  
  21  2:33  Marine x2  
  23  2:52  Barracks Tech Lab, Marine x2  
  23  2:53  SCV  
  23  2:57  Orbital Command  
  26  3:05  Factory Tech Lab, SCV  
  27  3:17  SCV  
  27  3:18  Marine  
  27  3:19  Stimpack  
  28  3:25  SCV  
  29  3:29  SCV  
  30  3:38  Starport  
  30  3:40  Siege Tank  
  33  3:43  SCV x2  
  33  3:44  Marine x2  
  33  3:45  Marine  
  38  3:49  Supply Depot  
  38  4:04  Barracks  
  38  4:07  Barracks  
  38  4:10  SCV x2  
  38  4:13  Supply Depot, Starport  
  40  4:17  Marine  
  40  4:18  Marine x2  
  40  4:21  Siege Tank  
  46  4:35  SCV x2  
  46  4:36  Supply Depot  
  48  4:57  Engineering Bay, SCV  
  48  4:58  SCV  
  48  4:59  Marine x2  
  52  5:00  Barracks Reactor x2  
  52  5:02  Engineering Bay  
  52  5:06  Starport Reactor  
  52  5:10  SCV x2  
  54  5:19  Supply Depot  
  54  5:23  Combat Shields  
  54  5:24  Marine x3  
  57  5:33  Refinery  
  57  5:34  Refinery  
  57  5:40  Marine x2  
  57  5:41  Marine x2  
  57  5:42  Marine  
  62  5:44  Medivac x2  
  62  5:47  Supply Depot  
  66  6:03  Marine x3  
  66  6:04  Marine  
  70  6:08  Marine x3  
  70  6:09  SCV x2  
  70  6:10  Supply Depot  
  75  6:11  Supply Depot  
  75  6:15  Medivac  
  75  6:16  Medivac  
  79  6:22  Marine  
  79  6:23  Marine x3  
  83  6:26  SCV x2  
  76  6:55  Viking  
  76  6:56  Viking  
  80  7:05  Marine  
  80  7:06  Marine x4  
  85  7:08  Siege Tank  
  85  7:15  SCV x2  
  90  7:21  Marine x2  
  71  8:21  Marine x6  
  71  8:22  Marine  
  77  8:49  Marine  
  77  8:50  Marine x6  
  77  8:55  Siege Tank, Medivac x2  
  91  9:04  Command Center  
  91  9:07  Marine x3  
  91  9:08  Marine x2  
  95  9:25  Medivac x2  
  95  9:27  Marine  
  95  9:28  Marine x6  
  95  9:30  Siege Tank  
  109  9:40  SCV  
  110  9:45  Supply Depot  
  110  9:47  Supply Depot, SCV  
  111  10:02  Siege Tank  
  114  10:37  Marine x2  
  114  10:38  Marine x5  
  114  10:42  Medivac x2  
  125  10:55  Marine x4  
  125  10:56  Supply Depot, Marine x3  
  132  10:57  Supply Depot  
  132  10:59  Armory  
  132  11:13  Marine x2  
Tags
 
Add a new tag
Caveats
  • Supply blocks, unpowered buildings, or Contaminate may cause inaccurate times.
  • Supply counts are checked every 10 seconds.